 Dungeon Crawl Stone Soup version 0.23-a0-180-ga5275e7 (webtiles) character file.

28 Amnesiac the Skirmisher (level 2, -3/24 HPs)
             Began as a Mummy Monk on Sept 18, 2018.
             Slain by a worm (9 damage)
             ... on level 3 of the Dungeon.
             The game lasted 00:02:30 (1286 turns).

Amnesiac the Skirmisher (Mummy Monk)                Turns: 1286, Time: 00:02:31

Health: -3/24      AC:  3    Str: 14    XL:     2   Next: 96%
Magic:  2/2        EV: 13    Int:  9    God:
Gold:   41         SH:  0    Dex: 14    Spells: 1/1 levels left

rFire    x . .     SeeInvis .   a - +0 short sword
rCold    + . .     Gourm    .   (no shield)
rNeg     + + +     Faith    .   b - +0 robe
rPois    ∞         Spirit   .   l - +0 helmet
rElec    .         Reflect  .   (no cloak)
rCorr    .         Harm     .   (no gloves)
MR       .....                  (no boots)
Stlth    ++........             (no amulet)
HPRegen  0.08/turn              (no ring)
MPRegen  0.08/turn              (no ring)

@: no status effects
A: no food or potions, fire vulnerability, cold resistance 1, negative energy
resistance 3, torment resistance, unbreathing
a: no special abilities


You were on level 3 of the Dungeon.
You were not hungry.

You visited 1 branch of the dungeon, and saw 4 of its levels.

You collected 41 gold pieces.

Inventory:

Hand Weapons
 a - a +0 short sword (weapon)
 k - a +0 hunting sling
Armour
 b - a +0 robe (worn)
 l - a +0 helmet (worn)
Scrolls
 c - 3 scrolls of fog {!r}
 e - a scroll of blinking {!r, unknown}
 f - a scroll of immolation {!r, unknown}
 h - 3 scrolls of remove curse {!r}
 i - a scroll of magic mapping {!r}
 j - a scroll of fear {!r}


   Skills:
 + Level 3.4 Fighting
 - Level 2.4 Short Blades
 * Level 3.1 Dodging
 - Level 1.5 Stealth


You had one spell level left.
You didn't know any spells.
Your spell library was empty.

Dungeon Overview and Level Annotations

Branches:
Dungeon (4/15)
 Temple: D:4-7

Altars:
Elyvilon
Uskayaw
Xom

Annotations:
D:2 Terence
D:3 Natasha
D:4 Robin


Innate Abilities, Weirdness & Mutations

You do not eat or drink.
Your flesh is vulnerable to fire.
You are immune to poison.
Your flesh is cold resistant. (rC+)
You are immune to negative energy. (rN+++)
You are immune to unholy pain and torment.
You can survive without breathing.


Message History

There is a stone staircase leading down here.
You hit the leopard gecko but do no damage.
The leopard gecko misses you.
You hit the leopard gecko but do no damage.
The leopard gecko barely misses you.
You completely miss the leopard gecko. The leopard gecko bites you.
You barely miss the leopard gecko. The leopard gecko closely misses you.
The leopard gecko bites you but does no damage.
You hit the leopard gecko.
The leopard gecko is moderately wounded.
The leopard gecko barely misses you.
You hit the leopard gecko.
The leopard gecko is almost dead.
The leopard gecko closely misses you.
You hit the leopard gecko.
You kill the leopard gecko!
No target in view!
You start resting.
HP restored.
You see here a leopard gecko corpse.
You see here a red potion {!q}.
A worm comes into view.
Found a scroll of identify.
Found a scroll labeled UHOBISCHUTA.
You swing at nothing.
You swing at nothing.
You swing at nothing.
You hit the worm.
The worm is lightly wounded.
You barely miss the worm.
The worm is lightly wounded.
The worm barely misses you.
You hit the worm.
The worm is moderately wounded.
The worm bites you!
You barely miss the worm.
The worm is moderately wounded.
You hit the worm.
The worm is moderately wounded.
The worm completely misses you.
You hit the worm.
The worm is moderately wounded.
You hit the worm.
The worm is severely wounded.
The worm bites you.
* * * LOW HITPOINT WARNING * * *
You hit the worm.
The worm is almost dead.
The worm bites you.
* * * LOW HITPOINT WARNING * * *
You aren't carrying any items that you can evoke.
Unknown command.
Wield which item (- for none, * to show all)? (? for menu, Esc to quit)
Okay, then.
You hit the worm.
The worm is almost dead.
There is a stone staircase leading down here.
You swing at nothing.
You hit the worm.
The worm is heavily wounded.
You hit the worm.
The worm is severely wounded.
The worm bites you!
You die...

#.#....#### #.........#
#........^# ..........# #########
..........# #.......#
#.....÷...#### #.......#
#............###.......#
#....!.....†>..#.......###
#.............)w@........#
#.......<.......#######..#
#........................######
#.#..#.###.......#####........###
.......# #...........#..........#
.................###............#
(.#............#................#
.(.>..............S....##......##
..(.(..........$...##.#........#


You could see a worm.

Vanquished Creatures
  A dart slug (D:2)
  A leopard gecko (D:3)
  An orc (D:3)
  4 bats
  2 goblins
  4 hobgoblins (D:1)
  A quokka (D:3)
  A frilled lizard (D:1)
  2 kobolds (D:1)
  6 rats
23 creatures vanquished.

Notes
Turn   | Place    | Note
-------+----------+-------------------------------------------
     0 | D:1      | Amnesiac the Mummy Monk began the quest for the Orb.
     0 | D:1      | Reached XP level 1. HP: 18/18 MP: 1/1
   310 | D:1      | Reached XP level 2. HP: 18/24 MP: 2/2
   351 | D:2      | Found a hide-covered altar of Uskayaw.
   351 | D:2      | Noticed a hand axe
   367 | D:2      | Noticed a hand axe
   371 | D:2      | Found a shimmering altar of Xom.
   971 | D:2      | Noticed Terence
  1032 | D:2      | Found a white marble altar of Elyvilon.
  1135 | D:3      | Noticed Natasha
  1202 | D:4      | Noticed Robin
  1286 | D:3      | Slain by a worm

Vault maps used:
D:1:      dpeg_arrival_chambers_temple_mockup
D:2:      dancing_weapons_uskayaw, lemuel_round_altar, lemuel_blue_sif_altar,
          xom_butterflies, first_ration, uniq_terence
D:3:      uniq_natasha, uniq_ijyb
D:4:      lemuel_round_altar, minmay_temple_entry_statues,
          minmay_misc_feat_cross, uniq_robin, uniq_blork_the_orc, uniq_duvessa

Skill      XL: |  1  2 |
---------------+-------+-----
Dodging        | 3 |  3.1
Fighting       | |  3.4
Short Blades   | |  2.4
Stealth        | |  1.5

Action                   || total
-------------------------++-------
Melee: Short sword       ||    69
 Fire: Hunting sling     ||    25
  Use: Scroll            ||     5
 Stab: Sleeping          ||     5
Armor: Robe              ||     7
Dodge: Dodged            ||    39

Table legend:
 A = Non-vault XP
 B = Vault XP
 C = Vault XP percentage of total XP
 D = Non-vault monster count
 E = Vault monster count
 F = Vault count percentage of total count
                 A         B        C        D         E       F
            +---------+---------+-------+---------+---------+-------
      Total |      40 |       0 |   0.0 |      23 |       0 |   0.0
            +---------+---------+-------+---------+---------+-------
        D:1 |      21 |       0 |   0.0 |      13 |       0 |   0.0
        D:2 |       6 |       0 |   0.0 |       3 |       0 |   0.0
        D:3 |      13 |       0 |   0.0 |       7 |       0 |   0.0
            +---------+---------+-------+---------+---------+-------
